 Dungeon Crawl Stone Soup version 0.28.0-49-g6dfe1f597d (webtiles) character file.

Game seed: 8561342845826129259

173 Zeld the Skirmisher (level 5, -2/44 HPs)
             Began as a Palentonga Fighter on May 19, 2022.
             Slain by an orc
             ... wielding a +0 whip
              (4 damage)
             ... on level 3 of the Dungeon.
             The game lasted 00:01:33 (2713 turns).

Zeld the Skirmisher (Palentonga Fighter)            Turns: 2713, Time: 00:01:34

Health: -2/44      AC:  6    Str: 21    XL:     5   Next: 28%
Magic:  5/5        EV:  7    Int:  9    God:
Gold:   99         SH:  4    Dex:  9    Spells: 4/4 levels left

rFire   . . .      SeeInvis +   a - +0 war axe
rCold   . . .      Faith    .   c - +0 buckler
rNeg    . . .      Spirit   .   b - +0 scale mail
rPois   .          Reflect  .   (no helmet)
rElec   .          Harm     .   (no cloak)
rCorr   .          Rampage  .   (no gloves)
Will    .....                   (no barding)
Stlth   ..........              (no amulet)
HPRegen 0.14/turn               (no ring)
MPRegen 0.09/turn               (no ring)

@: no status effects
A: large, rugged brown scales 3, see invisible, deformed body, roll 1, armoured
tail
a: Rolling Charge


You were on level 3 of the Dungeon.
You visited 1 branch of the dungeon, and saw 3 of its levels.

You collected 99 gold pieces.

Inventory:

Hand Weapons
 a - a +0 war axe (weapon)
Armour
 b - a +0 scale mail (worn)
 c - a +0 buckler (worn)
Wands
 j - a wand of mindburst (15)
Scrolls
 f - 2 scrolls of blinking {unknown}
 h - 2 scrolls of magic mapping {unknown}
 i - 4 scrolls of identify {unknown}
 k - a scroll of torment {unknown}
 l - a scroll of amnesia {unknown}
Potions
 d - a potion of might
 e - a potion of berserk rage {unknown}
 g - a potion of flight {unknown}


   Skills:
 * Level 4.2 Fighting
 * Level 3.5 Axes
 - Level 2.4 Armour
 + Level 1.4 Dodging
 + Level 3.0 Shields


You had 4 spell levels left.
You didn't know any spells.
Your spell library was empty.

Dungeon Overview and Level Annotations

Branches:
Dungeon (3/15)

Altars:


Innate Abilities, Weirdness & Mutations

You are completely covered in rugged brown scales. (AC +3, +7% HP)
You have supernaturally acute eyesight. (SInv)
Armour fits poorly on your strangely shaped body.
You can roll at nearby foes to attack.
You have a long armoured tail.


Message History

The orc hits you with a +0 whip.
* * * LOW HITPOINT WARNING * * *
The orc wizard hits you with a +0 dagger.
* * * LOW HITPOINT WARNING * * *
You bump into the rock wall.
The orc hits you but does no damage.
The orc wizard hits you but does no damage.
Unknown command.
You're too confused to move!
The orc barely misses you. The orc wizard closely misses you.
Unknown command.
You bump into the rock wall.
The orc closely misses you.
The orc wizard points at you and mumbles some strange words.
You are more confused.
Unknown command.
You hit the orc.
The orc is severely wounded.
You closely miss the orc wizard. The orc hits you but does no damage.
The orc wizard hits you but does no damage.
Unknown command.
You barely miss the orc.
The orc is severely wounded.
You slash the orc wizard!
You kill the orc wizard!
The orc hits you with a +0 whip.
* * * LOW HITPOINT WARNING * * *
The orc hits you but does no damage.
Your Shields skill increases to level 3!
You bump into the rock wall.
The orc hits you with a +0 whip.
* * * LOW HITPOINT WARNING * * *
Unknown command.
You bump into the rock wall.
The orc barely misses you.
Unknown command.
You closely miss the orc.
The orc is severely wounded.
The orc hits you but does no damage.
Unknown command.
You bump into the rock wall.
You feel less confused. The orc hits you with a +0 whip.
You die...

#....# #.....##....# #....#
#...........# #....#
#.....)......
#....######............
#..)...................
#....######..........>.
##.#.#..[.#............
#.#.#)##)#........####
############.#.#@o....#.##...#
(............#.####.#.#.##...#
.#############'#..<.#.#.######
...# #.......#.#.# ##.#######
#...o..)#.#.#####
#.##....####......##.......#
#.##.......#......##.......#
#.##.......#......##...÷...#
#...†......#......##.......#


You could see an orc.

Vanquished Creatures
  A jelly (D:2)
  An orc wizard (D:3)
  A gnoll (D:1)
  3 adders
  A worm (D:2)
  3 dart slugs (D:1)
  7 orcs (D:3)
  5 endoplasms
  A giant cockroach (D:2)
  5 goblins
  3 hobgoblins
  7 jackals
  5 quokkas
  7 ball pythons
  A bat (D:1)
  5 frilled lizards
  3 kobolds
  4 rats
63 creatures vanquished.

Notes
Turn   | Place    | Note
-------+----------+-------------------------------------------
     0 | D:1      | Zeld the Palentonga Fighter began the quest for the Orb.
     0 | D:1      | Reached XP level 1. HP: 19/19 MP: 1/1
    85 | D:1      | Reached XP level 2. HP: 15/25 MP: 2/2
   625 | D:1      | Reached XP level 3. HP: 31/31 MP: 3/3
  1354 | D:2      | Reached skill level 1 in Dodging
  1585 | D:2      | Reached XP level 4. HP: 30/39 MP: 4/4
  2053 | D:3      | Reached skill level 4 in Fighting
  2563 | D:3      | Reached XP level 5. HP: 42/44 MP: 5/5
  2710 | D:3      | HP: 1/44 [orc/+0 whip (4)]
  2713 | D:3      | Slain by an orc

Illustrated notes

Levels and vault maps discovered:
D:1:      sevenhm_arrival_forest_fort_large_2, layout_loops_ring,
          minmay_misc_feat_tower, minmay_misc_feat_square
D:2:      layout_basic, minmay_pentomino_o4
D:3:      layout_basic, fedhas_altar_4

Skill      XL: |  1  2  3  4  5 |
---------------+----------------+-----
Dodging        | 1 |  1.4
Axes           | 3 |  3.5
Fighting       | 4 |  4.2
Shields        | 3 |  3.0
Armour         | |  2.4

Action                   |  1- 3 |  4- 6 || total
-------------------------+-------+-------++-------
Melee: War axe           |    86 |    82 ||   168
       Tailslap          |     6 |     8 ||    14
 Abil: Rolling Charge    |     1 |       ||     1
Armor: Scale mail        |    32 |    44 ||    76
Dodge: Dodged            |    37 |    36 ||    73
Block: Buckler           |    18 |    14 ||    32
